 Dungeon Crawl Stone Soup version 0.22.1-2-g9c5b331 (webtiles) character file.

908 whitewolfNL the Cudgeler (level 7, -10/60 HPs)
             Began as a Minotaur Berserker on Dec 4, 2018.
             Was an Elder of Trog.
             Killed by nerve-wracking pain
             ... invoked by an orc priest
              (11 damage)
             ... on level 5 of the Dungeon.
             The game lasted 00:14:39 (4095 turns).

whitewolfNL the Cudgeler (Minotaur Berserker)       Turns: 4095, Time: 00:14:40

Health: -10/60     AC: 12    Str: 21    XL:     7   Next: 81%
Magic:  6/6        EV:  7    Int:  5    God:    Trog [****..]
Gold:   258        SH:  4    Dex: 11    Spells: 6/6 levels left

rFire    . . .     SeeInvis .   v - +0 flail
rCold    . . .     Gourm    .   p - +0 buckler
rNeg     . . .     Faith    .   s - +0 plate armour
rPois    .         Spirit   .   (helmet restricted)
rElec    .         Reflect  .   (no cloak)
rCorr    .         Harm     .   (no gloves)
MR       .....                  (no boots)
Stlth    ..........             t - amulet of regeneration
HPRegen  0.60/turn              (no ring)
MPRegen  0.10/turn              (no ring)

@: berserk cooldown, slowed, very slow
A: retaliatory headbutt, horns 2
a: Berserk, Trog's Hand, Brothers in Arms, Renounce Religion


You were on level 5 of the Dungeon.
You worshipped Trog.
Trog was greatly pleased with you.
You were near starving.

You visited 1 branch of the dungeon, and saw 5 of its levels.

You collected 258 gold pieces.

Inventory:

Hand Weapons
 l - a +0 hunting sling
 v - a +0 flail (weapon)
Missiles
 a - 16 bolts
 h - 26 arrows
Armour
 g - a +0 chain mail
 p - a +0 buckler (worn)
 s - a +0 plate armour (worn)
Jewellery
 t - an amulet of regeneration (around neck)
Wands
 m - a wand of digging (12)
 o - a wand of iceblast (5)
Scrolls
 b - 5 scrolls of remove curse {unknown}
 d - 5 scrolls of identify {unknown}
 e - a scroll of fog {unknown}
 f - 2 scrolls of enchant weapon {unknown}
 i - 4 scrolls of teleportation {unknown}
 j - 2 scrolls of enchant armour {unknown}
 q - a scroll of amnesia {unknown}
 u - a scroll of immolation {unknown}
Potions
 k - a potion of flight
 n - a potion of brilliance
 r - a potion of heal wounds {unknown}
Comestibles
 c - 6 rations


   Skills:
 + Level 4.8 Fighting
 * Level 7.3 Maces & Flails
 * Level 6.0 Armour
 * Level 3.7 Dodging
 * Level 2.5 Stealth
 * Level 2.2 Shields
 * Level 0.4 Evocations


You had 6 spell levels left.
You didn't know any spells.
Your spell library was empty.

Dungeon Overview and Level Annotations

Branches:
Dungeon (5/15)
 Temple: D:4-7

Altars:
Gozag


Innate Abilities, Weirdness & Mutations

You reflexively headbutt those who attack you in melee.
You have a pair of horns on your head.


Message History

* * * LOW HITPOINT WARNING * * *
You closely miss the orc priest. You sock the orc priest!
You kill the orc priest!
Trog accepts your kill.
Your Armour skill increases to level 6!
The orc priest hits you but does no damage. x2
You completely miss the orc priest. You block the orc's attack.
The orc priest hits you but does no damage.
The orc hits you with a hand axe.
* * * LOW HITPOINT WARNING * * *
You closely miss the orc. You headbutt the orc!
You kill the orc!
Trog accepts your kill.
The orc priest invokes the aid of Beogh against you.
Beogh smites you!
* * * LOW HITPOINT WARNING * * *
The orc priest mumbles some strange prayers to Beogh against you.
Pain shoots through your body!
You die...

#..............#
.............#.#
.............#.## .#
.............#..#..#
.........[..##.#..#
.####........##.#..#
.............##.#..###
####........o#.......##
............@)o).......
#..#........o#.......## #.
#..#.#######.#...... #
##.#.# #.).##### . ..#.#
##..# #...###.# .>..
........#############
#...####...........#######
#. #.#########.......#


You could see 2 orc priests and an orc.

Vanquished Creatures
  Grinder (D:3)
  An ogre (D:4)
  The ghost of Lidrolic the Skirmisher, an amateur HuFi (D:3)
  A water moccasin zombie (D:5)
  2 hounds
  4 orc priests
  Ijyb (D:4)
  2 orc wizards
  Natasha (D:3)
  A worker ant (D:4)
  A hound skeleton (D:5)
  5 adders
  7 worms
  2 dart slugs
  5 leopard geckos
  11 orcs
  8 giant cockroaches
  7 hobgoblins
  8 kobolds
  3 quokkas
  A ball python (D:2)
  11 bats
  4 frilled lizards
  11 goblins
  A leopard gecko zombie (D:5)
  A quokka skeleton (D:4)
  14 rats
115 creatures vanquished.

Notes
Turn   | Place    | Note
-------+----------+-------------------------------------------
     0 | D:1      | whitewolfNL the Minotaur Berserker began the quest for the
                  | Orb.
     0 | D:1      | Reached XP level 1. HP: 19/19 MP: 0/0
   192 | D:1      | Reached skill level 4 in Maces & Flails
   192 | D:1      | Reached XP level 2. HP: 17/27 MP: 1/1
   916 | D:2      | Reached XP level 3. HP: 27/33 MP: 2/2
   924 | D:2      | Reached ** piety under Trog
  1731 | D:2      | Reached XP level 4. HP: 37/40 MP: 3/3
  1905 | D:3      | Noticed Grinder
  1914 | D:3      | Paralysed by Grinder for 2 turns
  1918 | D:3      | Paralysed by Grinder for 5 turns
  1924 | D:3      | Killed Grinder
  1924 | D:3      | Reached skill level 5 in Maces & Flails
  1924 | D:3      | Reached skill level 1 in Stealth
  1924 | D:3      | Reached XP level 5. HP: 18/47 MP: 4/4
  1924 | D:3      | Reached XP level 6. HP: 20/53 MP: 5/5
  2230 | D:3      | Noticed Natasha
  2235 | D:3      | Killed Natasha
  2264 | D:3      | Reached *** piety under Trog
  2374 | D:3      | Reached skill level 6 in Maces & Flails
  2657 | D:3      | Found a runed gate.
  2660 | D:3      | Found an opulent altar of Gozag.
  2661 | D:3      | Noticed Lidrolic's ghost (amateur HuFi)
  2662 | D:3      | Found a runed gate.
  2662 | D:3      | Found a runed gate.
  2673 | D:3      | Killed Lidrolic's ghost
  2673 | D:3      | Reached skill level 5 in Armour
  3132 | D:4      | Reached skill level 1 in Shields
  3330 | D:4      | Reached XP level 7. HP: 60/60 MP: 6/6
  3369 | D:4      | HP: 3/60 [orc priest/trident (4)]
  3772 | D:4      | Reached skill level 7 in Maces & Flails
  3872 | D:4      | Noticed Ijyb
  3876 | D:4      | Killed Ijyb
  3956 | D:5      | Entered Level 5 of the Dungeon
  4054 | D:5      | Reached **** piety under Trog
  4095 | D:5      | HP: 1/60 [orc priest/divine providence (16)]
  4095 | D:5      | Killed from afar by an orc priest

Skill      XL: |  1  2  3  4  5  6  7 |
---------------+----------------------+-----
Maces & Flails | 4 5 6 7 |  7.3
Fighting       | 4 |  4.8
Armour         | 3 4 5 6 |  6.0
Stealth        | 1 2 |  2.5
Dodging        | 3 |  3.7
Shields        | 1 2 |  2.2
Evocations     | |  0.4

Action                   |  1- 3 |  4- 6 |  7- 9 || total
-------------------------+-------+-------+-------++-------
Melee: Mace              |   118 |    94 |    32 ||   244
       Headbutt          |    14 |    20 |    15 ||    49
       Hunting sling     |     1 |       |       ||     1
       Flail             |       |       |    38 ||    38
Invok: Berserk           |       |     3 |     4 ||     7
  Use: Potion            |     2 |       |     3 ||     5
 Stab: Invisible         |       |       |     1 ||     1
  Eat: Chunk             |     3 |     8 |     5 ||    16
Armor: Ring mail         |    11 |       |       ||    11
       Animal skin       |     1 |       |       ||     1
       Chain mail        |    70 |    34 |       ||   104
       Plate armour      |       |    24 |    56 ||    80
Dodge: Dodged            |    72 |    53 |    27 ||   152
Block: Buckler           |       |     3 |    14 ||    17
